 Dungeon Crawl Stone Soup version 0.27-a0-906-g0a00ce863d (webtiles) character file.

Game seed: 10235889108921228497

25 Froggeryz the Chiller (level 2, -6/20 HPs)
             Began as a Demigod Ice Elementalist on Apr 7, 2021.
             Killed by nerve-wracking pain
             ... invoked by a shadow imp
              (8 damage)
             ... on level 1 of the Dungeon.
             The game lasted 00:01:37 (1183 turns).

Froggeryz the Chiller (Demigod Ice Elementalist)    Turns: 1183, Time: 00:01:38

Health: -6/20      AC:  2    Str:  9    XL:     2   Next: 66%
Magic:  4/7        EV: 12    Int: 17    God:
Gold:   106        SH:  0    Dex: 14    Spells: 4/5 levels left

rFire    + . .     SeeInvis .   (no weapon)
rCold    + . .     Faith    .   (no shield)
rNeg     . . .     Spirit   .   a - +0 robe
rPois    +         Reflect  .   (no helmet)
rElec    +         Harm     .   (no cloak)
rCorr    +         Rampage  .   (no gloves)
Will     .....                  (no boots)
Stlth    ++........             (no amulet)
HPRegen  0.06/turn              (no ring)
MPRegen  0.10/turn              (no ring)

@: resistant
A: high mp 1, forlorn
a: no special abilities


You were on level 1 of the Dungeon.
You visited 1 branch of the dungeon, and saw 2 of its levels.

You collected 106 gold pieces.

Inventory:

Armour
 a - a +0 robe (worn)
Scrolls
 c - a scroll of blinking {unknown}


   Skills:
 - Level 1.7 Dodging
 - Level 1.7 Stealth
 + Level 2.2 Spellcasting
 * Level 4.2 Ice Magic


You had 4 spell levels left.
You knew the following spells:

 Your Spells              Type           Power      Damage    Failure   Level
a - Freeze                Ice            64%        1d8       3%          1

Your spell library contained the following spells:

 Spells                   Type           Power      Damage    Failure   Level
 Frozen Ramparts          Ice            32%        1d5       10%         3
 Ozocubu's Armour         Ice            16%        N/A       10%         3
 Hailstorm                Conj/Ice       9%         3d4       61%         4
 Summon Ice Beast         Ice/Summ       9%         N/A       61%         4


Dungeon Overview and Level Annotations

Branches:
Dungeon (2/15)

Shops:
D:1 =


Innate Abilities, Weirdness & Mutations

Your attributes grow dramatically as you level up.
You have an increased reservoir of magic. (+10% MP)
You shall have no god before yourself.


Message History

The shadow imp hits you but does no damage.
You hit the shadow imp.
The shadow imp is severely wounded.
The shadow imp barely misses you.
You hit the shadow imp but do no damage.
The shadow imp is severely wounded.
The shadow imp hits you.
* * * LOW HITPOINT WARNING * * *
You hit the shadow imp but do no damage.
The shadow imp is severely wounded.
The shadow imp barely misses you.
You closely miss the shadow imp.
The shadow imp is severely wounded.
The shadow imp barely misses you.
You hit the shadow imp but do no damage.
The shadow imp is severely wounded.
The shadow imp closely misses you.
It was a potion of resistance.
You feel protected.
The shadow imp lashes its tail.
The shadow imp barely misses you.
You barely miss the shadow imp.
The shadow imp is severely wounded.
The shadow imp hits you.
* * * LOW HITPOINT WARNING * * *
You barely miss the shadow imp.
The shadow imp is severely wounded.
The shadow imp closely misses you.
You hit the shadow imp but do no damage.
The shadow imp is severely wounded.
The shadow imp barely misses you.
You hit the shadow imp but do no damage.
The shadow imp is severely wounded.
The shadow imp shouts, "Give up, thou feeble beef-witted haggard!"
The shadow imp misses you.
You hit the shadow imp but do no damage.
The shadow imp is severely wounded.
The shadow imp gestures at you. Pain shoots through your body!
You die...

#####...#.......##
#................#
#...#............#
#...#....#.#....##
#...#..#.#####.#>#
#...##############
#...# #.....#
######...#######.###.#
................@5.#.#
#######.......####.#.#
##### #.#...#.# #.#.#
....###.#..##.####.#.#
....#[.............#.#
....#.#.##.##.######.#
......#....##.######.#
###.#########.......(#
#.# ##########


You could see a shadow imp.

Vanquished Creatures
  An adder (D:2)
  A dart slug (D:1)
  A ball python (D:1)
  A bat (D:1)
  4 endoplasms
  A hobgoblin (D:1)
  2 frilled lizards (D:1)
  A kobold (D:1)
  3 rats (D:1)
15 creatures vanquished.

Notes
Turn   | Place    | Note
-------+----------+-------------------------------------------
     0 | D:1      | Froggeryz the Demigod Ice Elementalist began the quest for
                  | the Orb.
     0 | D:1      | Reached XP level 1. HP: 14/14 MP: 5/5
   593 | D:1      | Reached skill level 4 in Ice Magic
   593 | D:1      | Reached XP level 2. HP: 19/20 MP: 7/7
   665 | D:1      | Found Dadusil's Jewellery Shoppe.
  1179 | D:1      | HP: 1/20 [shadow imp (1)]
  1183 | D:1      | Killed from afar by a shadow imp

Illustrated notes

Levels and vault maps discovered:
D:1:      minmay_arrival_jagged, layout_basic, serial_shops, shop,
          chequers_avenue
D:2:      cheibrodos_helix_gallery, layout_loops_ring, serial_undead,
          serial_undead_a, serial_undead_d, serial_undead_e, serial_undead_a,
          minmay_curled_crystal, uniq_natasha

Skill      XL: |  1 |
---------------+----+-----
Spellcasting   | 2 |  2.2
Ice Magic      | 4 |  4.2
Dodging        | |  1.7
Stealth        | |  1.7

Action                   || total
-------------------------++-------
Melee: Unarmed           ||    87
 Cast: Freeze            ||    22
  Use: Potion            ||     1
 Stab: Sleeping          ||     3
Armor: Robe              ||    28
Dodge: Dodged            ||    99

Table legend: (Time is in decaauts)
 A = Elapsed time spent in this place.
 B = Non-inter-level travel time spent in this place.
 C = Inter-level travel time spent in this place.
 D = Time resting spent in this place.
 E = Time spent auto-exploring this place.
 F = Levels seen in this place.
 G = Mean time per level.
                   A        B        C        D        E       F      G
               +--------+--------+--------+--------+--------+-----+--------+
         Total |   1183 |   1178 |      5 |     51 |    911 |   2 |  591.5 |
       Dungeon |   1183 |   1178 |      5 |     51 |    911 |   2 |  591.5 |
               +--------+--------+--------+--------+--------+-----+--------+

Top non-repeatable levels by time:
     D:1: 977 daAuts
     D:2: 205 daAuts
